AoeStats
← YNWA27

Lombardia

508711863Analyzed
2v2 RM · 8d ago on Sep 23, 2026· 49m 30s· 4 players
Game mode
Random Map
Map size
Medium (4 player)
Population
200
Speed
Normal
Resources
Standard
Victory
Conquest
Starting age
Dark Age
Ending age
Imperial Age
RankedLock teamsTeams togetherTeam positionsShared explorationLock speedFull tech treeHidden civsTurbo modeCheats
Victory
Defeat
🇦🇷 Mongols · Argentina
1083
+16
🇦🇷 Bohemians · Argentina
1079
+16
🇩🇪 Lithuanians · Germany
1124
-17
🇩🇪 Mongols · Germany
1054
-15
Nisman Vive
10:09 Feudal Age
10:42 Double-Bit Axe
13:50 Loom
16:55 Castle Age
15:10 Gold Mining
15:03 Horse Collar
17:47 Fletching
18:30 Bow Saw
23:14 Bodkin Arrow
23:21 Husbandry
23:32 Bloodlines
34:57 Wheelbarrow
35:18 Town Watch
36:20 Padded Archer Armor
37:36 Ballistics
40:03 Hand Cart
44:42 Imperial Age
43:08 Scale Barding Armor
43:14 Forging
44:21 Chain Barding Armor
45:38 Bracer
46:14 Heavy Camel Rider
46:34 Heavy Cavalry Archer
47:33 Thumb Ring
48:31 Iron Casting
Nestor Carlos Kirchner
10:46 Feudal Age
11:22 Double-Bit Axe
11:20 Horse Collar
15:57 Loom
21:16 Castle Age
19:12 Fletching
22:07 Heavy Plow
23:08 Bow Saw
23:39 Pikeman
28:28 Scale Mail Armor
29:50 Squires
32:05 Bodkin Arrow
33:04 Wheelbarrow
32:21 Town Watch
33:01 Wagenburg Tactics
33:43 Chain Mail Armor
33:39 Forging
37:58 Imperial Age
35:46 Hand Cart
37:26 Town Patrol
38:05 Iron Casting
37:18 Arson
40:50 Two-Man Saw
40:20 Conscription
40:09 Bracer
42:06 Conscription
41:07 Elite Hussite Wagon
49:50 Masonry
49:48 Siege Engineers
|BBQ| Feynman
6:15 Loom
10:09 Feudal Age
18:03 Double-Bit Axe
20:57 Castle Age
19:05 Horse Collar
22:03 Thumb Ring
22:44 Fletching
26:02 Padded Archer Armor
29:42 Heavy Plow
30:47 Bow Saw
31:49 Stone Mining
32:31 Bodkin Arrow
32:51 Leather Archer Armor
33:50 Gold Mining
34:38 Stone Shaft Mining
37:52 Wheelbarrow
41:54 Hand Cart
42:27 Gold Shaft Mining
42:37 Town Watch
46:42 Imperial Age
48:43 Conscription
49:43 Scale Barding Armor
YNWA27
9:02 Feudal Age
13:45 Castle Age
12:04 Loom
14:09 Double-Bit Axe
21:08 Scale Barding Armor
24:58 Horse Collar
34:34 Bloodlines
34:25 Husbandry
34:38 Forging
38:58 Imperial Age
37:34 Iron Casting
38:16 Wheelbarrow
37:29 Town Watch
39:19 Fletching
39:50 Chain Barding Armor
44:07 Bow Saw
43:58 Heavy Plow
44:42 Cavalier
47:13 Plate Barding Armor
46:34 Bodkin Arrow
48:03 Hand Cart
Connection lost

Rejoining the realm…

Still unreachable

The connection could not be restored.

Session expired

The server has moved on; the page needs a fresh start.